 Dungeon Crawl Stone Soup version 0.14.0-12-g87ee3b7 (console) character file.

4676 Garrluk the Basher (level 10, -6/104 HPs)
             Began as an Ogre Berserker on Apr 16, 2014.
             Was a High Priest of Trog.
             Mangled by a five-headed hydra (12 damage)
             ... on Level 9 of the Dungeon.
             The game lasted 00:20:19 (6464 turns).

Garrluk the Basher (Ogre Berserker)                 Turns: 6464, Time: 00:20:19

HP  -6/104       AC  4     Str 27      XL: 10   Next: 35%
MP  10/10        EV 10     Int  4 (6)  God: Trog [*****.]
Gold 297         SH  0     Dex  9      Spells:  0 memorised,  9 levels left

rFire  + . .     SeeInvis .     g - +1,+0 giant club
rCold  . . .     Clarity  .     r - +1 robe
rNeg   . . .     Conserve .     (shield restricted)
rPois  +         rCorr    .     (helmet restricted)
rElec  .         rRot     .     (no cloak)
SustAb . .       Spirit   .     (gloves unavailable)
rMut   .         Warding  .     (boots unavailable)
Saprov + . .     Stasis   .     (no amulet)
MR     ++...                    D - ring of regeneration
                                v - ring of poison resistance

@: regenerating, very resistant to hostile enchantments, very unstealthy
A: unfitting armour, claws 1, blink 1, blurry vision 1, deterioration 1, fire
resistance 1, fast metabolism 1, saprovore 1, tough skin 1
a: Blink, Burn Spellbooks, Berserk, Trog's Hand, Brothers in Arms, Renounce
Religion


You were on level 9 of the Dungeon.
You worshipped Trog.
Trog was extremely pleased with you.
You were not hungry.

You visited 2 branches of the dungeon, and saw 10 of its levels.

You collected 297 gold pieces.

Inventory:

Hand weapons
 a - a cursed +0,+0 mace
 d - a +0,+0 bow
 g - a +1,+0 giant club (weapon)
 j - a +0,+0 bow
 m - a +1,+2 mace of protection
 y - a +0,+0 flail
 B - a +0,+1 flail of pain
Missiles
 b - 4 javelins
 e - 8 tomahawks
 h - 36 stones
 n - 4 darts of flame
 o - 5 large rocks (quivered)
 q - 34 poisoned needles
Armour
 r - a +1 robe (worn)
Comestibles
 c - 8 meat rations
 k - 9 bread rations
 s - a pear
 u - a beef jerky
 F - 3 chokos
 H - a cheese
 I - 4 chunks of yak flesh
Scrolls
 f - 3 scrolls of enchant weapon I
 i - 2 scrolls of fear
 l - a scroll of recharging
 p - 7 scrolls of identify
 t - 3 scrolls of remove curse
 x - a scroll of fog
 G - a scroll of teleportation
Jewellery
 v - a ring of poison resistance (left claw)
 C - a cursed amulet of clarity
 D - a ring of regeneration (right claw)
 E - an uncursed ring of protection from cold
Potions
 w - a potion of curing
 z - 2 potions of might
 A - a potion of flight


   Skills:
 + Level 8.1 Fighting
 * Level 14.5 Maces & Flails
 + Level 8.5 Throwing
 - Level 2.9 Dodging


You had 9 spell levels left.
You didn't know any spells.

Dungeon Overview and Level Annotations

Branches:
Dungeon (9/15)             Temple (1/1) D:4
    Orc: D:9-12        Lair: D:8-11

Altars:
Ashenzari
Elyvilon
Fedhas
Nemelex Xobeh
Okawaru
Trog
Vehumet
Zin

Annotations:
D:4 exclusion: statue
D:7 Joseph


Innate Abilities, Weirdness & Mutations

You are too large for most types of armour.
You have a fast metabolism.
You can tolerate rotten meat.
You have tough skin (AC +1).
You have sharp fingernails.
You can translocate small distances at will.
Your vision is a little blurry.
Your body is slowly deteriorating.
Your flesh is heat resistant.


Message History

You bludgeon the five-headed hydra!!
The five-headed hydra is moderately wounded.
The five-headed hydra completely misses you.
The five-headed hydra barely misses you. x2
The five-headed hydra bites you.
The five-headed hydra barely misses you.
You hit the five-headed hydra.
The five-headed hydra is moderately wounded.
The five-headed hydra bites you but does no damage.
The five-headed hydra bites you!
The five-headed hydra closely misses you.
The five-headed hydra bites you! x2
You pound the five-headed hydra like an anvil!!!
The five-headed hydra is almost dead.
The five-headed hydra bites you! The five-headed hydra bites you.
The five-headed hydra bites you!
* * * LOW HITPOINT WARNING * * *
The five-headed hydra bites you!
* * * LOW HITPOINT WARNING * * *
The five-headed hydra bites you!
You die...

#.# #.## ....... #.#
#..### .#......
####.####.%..# .#......
(.........#...# ...
......###.##### . #.# ...
#D.## ..#.# #.# .
##..####...##.# #.#
##.......# #.# #.#
##o###### #.# #.# #D# #.#
#.# #@# #.# #.# #.# #.#
#.# #.# #.# #<#
..######.########.#####.#
........................)
#.######.######.#####.###
#.######.# #.# #.#......#
#.# #....#...## #.#
##...###...## #.#
#...........# #.#


You could see a five-headed hydra and an orc.

Vanquished Creatures
  A troll (D:9)
  A spriggan (D:8)
  5 yaks (D:9)
  3 hippogriffs
  A wyvern (D:7)
  A hungry ghost (D:7)
  A hill giant skeleton (D:8)
  Menkaure (D:6)
  A necrophage (D:7)
  A black bear (D:6)
  A sky beast (D:6)
  3 ogres
  An orc warrior (D:6)
  An ice beast (D:8)
  3 centaurs
  A phantom (D:9)
  Sigmund (D:3)
  Duvessa (D:8)
  3 giant frogs
  2 scorpions
  A wight (D:6)
  Dowan (D:8)
  5 hounds
  3 jellies
  A crimson imp (D:8)
  4 iguanas
  A centaur skeleton (D:8)
  4 orc wizards
  A worker ant (D:4)
  A hound skeleton (D:8)
  Terence (D:2)
  A gnoll (D:1)
  9 adders
  2 shadow imps
  An inept feature mimic (D:5)
  3 worms
  An iguana zombie (D:9)
  2 giant eyeballs (D:8)
  5 oozes
  25 orcs
  A ball python (D:1)
  9 bats
  2 bat skeletons
  6 giant cockroaches
  6 goblins
  8 hobgoblins
  7 jackals
  12 kobolds
  3 quokkas
  7 giant geckos
  4 giant newts (D:1)
  A goblin zombie (D:5)
  A hobgoblin skeleton (D:4)
  2 hobgoblin zombies
  A kobold skeleton (D:5)
  An orc zombie (D:5)
  A quokka zombie (D:8)
  21 rats
198 creatures vanquished.

Notes
Turn   | Place    | Note
--------------------------------------------------------------
     0 | D:1      | Garrluk, the Ogre Berserker, began the quest for the Orb.
     0 | D:1      | Reached XP level 1. HP: 24/24 MP: 1/1
   159 | D:2      | Reached XP level 2. HP: 17/32 MP: 2/2
   203 | D:2      | Reached skill level 1 in Throwing
   254 | D:1      | Reached skill level 5 in Maces & Flails
   254 | D:1      | Reached XP level 3. HP: 20/39 MP: 3/3
   425 | D:1      | Acquired Trog's second power
   847 | D:2      | Reached XP level 4. HP: 40/48 MP: 4/4
  1302 | D:2      | Noticed Terence
  1320 | D:2      | Killed Terence
  1320 | D:2      | Reached skill level 6 in Maces & Flails
  1509 | D:2      | Noticed a moth of wrath
  1510 | D:2      | Found a bloodstained altar of Trog.
  1722 | D:3      | Found a blossoming altar of Fedhas.
  1782 | D:3      | Found a shattered altar of Ashenzari.
  1815 | D:3      | Noticed Sigmund
  1826 | D:3      | Killed Sigmund
  1826 | D:3      | Reached skill level 7 in Maces & Flails
  1826 | D:3      | Reached XP level 5. HP: 54/54 MP: 5/5
  2032 | D:3      | Found a glowing silver altar of Zin.
  2289 | D:3      | Reached XP level 6. HP: 50/62 MP: 6/6
  2333 | D:3      | Noticed a giant frog
  2336 | D:3      | Killed a giant frog
  2336 | D:3      | Reached skill level 8 in Maces & Flails
  2771 | D:4      | Found a staircase to the Ecumenical Temple.
  2785 | Temple   | Entered the Ecumenical Temple
  3035 | D:4      | Reached XP level 7. HP: 50/70 MP: 7/7
  3160 | D:4      | Reached skill level 9 in Maces & Flails
  3367 | D:4      | Found a radiant altar of Vehumet.
  3419 | D:5      | Entered Level 5 of the Dungeon
  3519 | D:4      | Found a sparkling altar of Nemelex Xobeh.
  3743 | D:5      | Acquired Trog's third power
  3845 | D:5      | Reached skill level 10 in Maces & Flails
  3845 | D:5      | Reached skill level 5 in Throwing
  3886 | D:5      | Found Amohum Tong's Assorted Antiques.
  3887 | D:5      | Amohum Tong's Assorted Antiques was a mimic.
  4007 | D:5      | Reached XP level 8. HP: 56/78 MP: 8/8
  4090 | D:5      | Found a white marble altar of Elyvilon.
  4357 | D:6      | Reached skill level 11 in Maces & Flails
  4785 | D:6      | Noticed Menkaure
  4801 | D:6      | Killed Menkaure
  4842 | D:6      | Reached skill level 5 in Fighting
  4842 | D:6      | Reached XP level 9. HP: 75/88 MP: 9/9
  4844 | D:6      | Reached skill level 12 in Maces & Flails
  5283 | D:7      | Noticed Joseph
  5315 | D:8      | Reached skill level 13 in Maces & Flails
  5494 | D:8      | Gained mutation: Your body is slowly deteriorating. [potion of mutation]
  5494 | D:8      | Gained mutation: Your vision is a little blurry. [potion of mutation]
  5494 | D:8      | Gained mutation: You have sharp fingernails. [potion of mutation]
  5644 | D:8      | Noticed Duvessa
  5652 | D:8      | Noticed Dowan
  5655 | D:8      | Killed Duvessa
  5659 | D:8      | Killed Dowan
  5856 | D:8      | Paralysed by a giant eyeball for 3 turns
  5862 | D:8      | Paralysed by a giant eyeball for 4 turns
  6120 | D:9      | Gained mutation: Your flesh is heat resistant. [potion of mutation]
  6120 | D:9      | Gained mutation: You can translocate small distances at will. [potion of mutation]
  6161 | D:9      | Reached XP level 10. HP: 95/102 MP: 10/10
  6243 | D:9      | Found an iron altar of Okawaru.
  6260 | D:9      | Reached skill level 14 in Maces & Flails
  6332 | D:9      | Found an iron altar of Okawaru.
  6357 | D:9      | HP: 2/104 [troll (14)]
  6386 | D:9      | Received a gift from Trog
  6447 | D:9      | Noticed a five-headed hydra
  6464 | D:9      | Mangled by a five-headed hydra

Action                   |  1- 3 |  4- 6 |  7- 9 | 10-12 || total
-------------------------+-------+-------+-------+-------++-------
Melee: Mace              |   101 |   137 |    21 |       ||   259
       Flail             |       |   113 |    10 |       ||   123
       Giant club        |       |       |   223 |    57 ||   280
Throw: Stone             |    10 |     7 |     1 |     4 ||    22
       Javelin           |       |       |    12 |       ||    12
       Dart              |       |       |     3 |       ||     3
       Large rock        |       |       |       |     1 ||     1
Invok: Berserk           |       |     1 |     1 |       ||     2
       Trog's Hand       |       |     1 |     2 |     2 ||     5
  Use: Scroll            |       |     8 |    10 |       ||    18
       Potion            |       |       |    13 |     2 ||    15
 Stab: Sleeping          |     1 |       |       |       ||     1
